 Dungeon Sprint DCSS version 0.21.2 (webtiles) character file.

7984 Fang the Severer (level 11, -6/81 HPs)
             Began as a Gargoyle Berserker on Sept 27, 2018.
             Was the Champion of Trog.
             Killed from afar by Ilsuiw (38 damage)
             ... with a shard of ice
             ... in the Dungeon (Sprint VII: "The Pits").
             The game lasted 00:05:06 (1715 turns).

Fang the Severer (Gargoyle Berserker)               Turns: 1715, Time: 00:05:07

Health: -6/81      AC: 30    Str: 27    XL:     11   Next: 23%
Magic:  11/11      EV: 10    Int:  8    God:    Trog [******]
Gold:   0          SH:  0    Dex:  9    Spells: 10/10 levels left

rFire    . . .     SeeInvis .   r - +2 war axe "Eschelu" {chop, MR+}
rCold    . . .     Gourm    .   (no shield)
rNeg     + . .     Faith    .   n - +2 plate armour
rPois    ∞         Spirit   .   s - +0 helmet
rElec    +         Reflect  .   (no cloak)
rCorr    .         Harm     .   (no gloves)
MR       +....     NoTele   +   (no boots)
Stlth    ..........             (no amulet)
HPRegen  0.23/turn              o - +3 ring of strength
MPRegen  0.12/turn              p - +3 ring of protection

@: no status effects
A: negative energy resistance 1, electricity resistance, unbreathing,
petrification resistance, rot immunity, AC +8
a: Berserk, Trog's Hand, Brothers in Arms, Burn Spellbooks, Renounce Religion


You were in the Dungeon.
You worshipped Trog.
Trog was exalted by your worship.
You were very hungry.

You visited 1 branch

Inventory:

Hand Weapons
 j - a +2 hand axe
 m - a +2 hand axe of chopping
 r - the +2 war axe "Eschelu" (weapon) {chop, MR+}
   (You found it in the Dungeon)

   It inflicts extra damage upon your enemies.
   It affects your resistance to hostile enchantments.
 t - a +3 antimagic battleaxe
Armour
 n - a +2 plate armour (worn)
 s - a +0 helmet (worn)
Jewellery
 o - a +3 ring of strength (left hand)
 p - a +3 ring of protection (right hand)
Scrolls
 i - a scroll of blinking
 k - 3 scrolls of remove curse
 l - a scroll of summoning
 u - a scroll of fear
Potions
 a - 2 potions of invisibility
 d - 8 potions of curing
 e - 13 potions of heal wounds
 f - a potion of haste
 g - 4 potions of magic
 h - 4 potions of berserk rage
 q - a potion of resistance
Comestibles
 c - 8 rations


   Skills:
 + Level 15.1 Fighting
 + Level 16.2 Axes
 + Level 12.5 Armour
 + Level 6.7 Dodging
 + Level 2.4 Stealth


You had 10 spell levels left.
You didn't know any spells.

Dungeon Overview and Level Annotations

Branches:
Dungeon (1/1)

Altars:
Ashenzari
Cheibriados
Dithmenos
Elyvilon
Fedhas
Gozag
Hepliaklqana
Kikubaaqudgha
Makhleb
Nemelex Xobeh
Okawaru
Qazlal
Ru
Sif Muna
Trog
Uskayaw
Vehumet
Wu Jian
Xom
Yredelemnul
Zin
The Shining One
Beogh
Jiyva
Lugonu

Annotations:
D Ilsuiw


Innate Abilities, Weirdness & Mutations

You are resistant to torment.
Your stone body is resilient. (AC +8)
You are immune to poison.
You resist negative energy. (rN+)
You are resistant to electric shocks. (rElec)
You can survive without breathing.
You are immune to petrification.
You are immune to rotting.


Message History

The water elemental barely misses you.
Things that are here:
a trident; a spear Your stone giant hits the water elemental!!!
The water elemental is destroyed!
The water elemental hits you.
Unknown command.
Your stone giant rages.
Something hits you but does no damage.
Your stone giant hits the water elemental!!!
The water elemental is destroyed!
Unknown command.
You strike the helpless hobgoblin from behind!
You slash the hobgoblin!
You kill the hobgoblin!
Trog accepts your kill.
You hear some strange, mumbled words.
A shard of ice appears from out of thin air!
The shard of ice hits you!
You die...

######### ### # ###
÷.......# #..##....#
.........#..##.#.#.#
#'######..)##......#
#.##...##'##.#.#.#.#
...#...#...#.......#
...#...#...#)(.....#
...'...'÷.()))C....+
...#...#...#).).@..#
...#...#...#.......#
#.##...##'##.#.#.#.#
#'######..†##......#
)........#..##.#.#.#
†.......# #..##....#
######### ### #####


You could see a friendly stone giant (berserk).

Vanquished Creatures
  A hydra (D)
  A sun demon (D)
  A shadow wraith (D)
  A sixfirhy (D)
  A phantasmal warrior (D)
  A merfolk siren (D)
  A molten gargoyle (D)
  A black mamba (D)
  A smoke demon (D)
  A gargoyle (D)
  2 spiny frogs (D)
  A kobold demonologist (D)
  A red devil (D)
  2 merfolk (D)
  A jumping spider (D)
  2 flying skulls (D)
  An air elemental (D)
  A ynoxinul (D)
  A wraith (D)
  A neqoxec (D)
  2 swamp drakes (D)
  An ice beast (D)
  A black bear (D)
  A porcupine (D)
  2 wolves (D)
  An eye of draining (D)
  An ogre (D)
  A bullfrog (D)
  An orc wizard (D)
  2 iguanas (D)
  A hell rat (D)
  3 mummies (D)
  A white imp (D)
  2 ufetubi (D)
  An adder skeleton (D)
  3 leopard geckos (D)
  3 orcs (D)
  A bat skeleton (D)
  2 giant cockroaches (D)
  A goblin (D)
  2 hobgoblins (D)
  A ball python (D)
  3 frilled lizards (D)
  A kobold (D)
  A rat (D)
62 creatures vanquished.

Vanquished Creatures (collateral kills)
  A merfolk siren (D)
1 creature vanquished.

Vanquished Creatures (others)
  A merfolk siren (D)
  A quokka (D)
2 creatures vanquished.

Grand Total: 65 creatures vanquished

Notes
Turn   | Place    | Note
-------+----------+-------------------------------------------
     0 | D        | Fang the Gargoyle Berserker began the quest for the Orb.
     0 | D        | Reached XP level 1. HP: 14/14 MP: 1/1
    13 | D        | Reached skill level 3 in Axes
    18 | D        | Found a bloodstained altar of Trog.
    18 | D        | Found a deep blue altar of Sif Muna.
    18 | D        | Found a viscous altar of Jiyva.
    18 | D        | Found a hazy altar of Hepliaklqana.
    18 | D        | Found an opulent altar of Gozag.
    19 | D        | Found a glowing golden altar of the Shining One.
    19 | D        | Found a glowing silver altar of Zin.
    19 | D        | Found a basalt altar of Yredelemnul.
    19 | D        | Found a shimmering altar of Xom.
    19 | D        | Found an ornate altar of the Wu Jian Council.
    19 | D        | Found a sacrificial altar of Ru.
    19 | D        | Found a stormy altar of Qazlal.
    19 | D        | Found an iron altar of Okawaru.
    19 | D        | Found a sparkling altar of Nemelex Xobeh.
    19 | D        | Found a burning altar of Makhleb.
    19 | D        | Found a blossoming altar of Fedhas.
    19 | D        | Found a white marble altar of Elyvilon.
    19 | D        | Found a shadowy altar of Dithmenos.
    19 | D        | Found a snail-covered altar of Cheibriados.
    21 | D        | Found a radiant altar of Vehumet.
    21 | D        | Found a corrupted altar of Lugonu.
    21 | D        | Found a roughly hewn altar of Beogh.
    60 | D        | Reached XP level 2. HP: 20/20 MP: 2/2
    65 | D        | Reached ** piety under Trog
   256 | D        | Noticed a black bear
   259 | D        | Reached *** piety under Trog
   259 | D        | Reached skill level 4 in Axes
   262 | D        | Killed a black bear
   262 | D        | Received a gift from Trog
   262 | D        | Reached skill level 5 in Axes
   262 | D        | Reached XP level 3. HP: 28/28 MP: 3/3
   262 | D        | Reached XP level 4. HP: 32/32 MP: 4/4
   383 | D        | Noticed an ice beast
   383 | D        | Noticed a wolf
   384 | D        | Noticed a flying skull
   389 | D        | Killed an ice beast
   389 | D        | Reached skill level 7 in Axes
   389 | D        | Reached XP level 5. HP: 39/39 MP: 5/5
   390 | D        | Killed a wolf
   390 | D        | Reached XP level 6. HP: 46/46 MP: 6/6
   391 | D        | Reached **** piety under Trog
   394 | D        | Killed a flying skull
   394 | D        | Reached skill level 10 in Fighting
   394 | D        | Reached skill level 9 in Axes
   394 | D        | Reached skill level 5 in Armour
   394 | D        | Reached XP level 7. HP: 52/52 MP: 7/7
   571 | D        | Reached skill level 5 in Dodging
   632 | D        | Reached ***** piety under Trog
   794 | D        | Noticed a kobold demonologist
   797 | D        | Received a gift from Trog
   799 | D        | Killed a kobold demonologist
   799 | D        | Reached skill level 10 in Axes
   799 | D        | Reached XP level 8. HP: 60/60 MP: 8/8
   956 | D        | Got the +2 war axe "Eschelu" {chop, MR+}
  1073 | D        | Found a hide-covered altar of Uskayaw.
  1073 | D        | Found an ancient bone altar of Kikubaaqudgha.
  1073 | D        | Found a shattered altar of Ashenzari.
  1108 | D        | Noticed a smoke demon
  1108 | D        | Noticed a red devil
  1114 | D        | Killed a smoke demon
  1114 | D        | Reached skill level 11 in Axes
  1123 | D        | Killed a red devil
  1184 | D        | Noticed a sun demon
  1192 | D        | Killed a sun demon
  1192 | D        | Reached skill level 12 in Axes
  1192 | D        | Reached XP level 9. HP: 67/67 MP: 9/9
  1236 | D        | Noticed a jumping spider
  1246 | D        | Reached ****** piety under Trog
  1246 | D        | Received a gift from Trog
  1248 | D        | Killed a jumping spider
  1248 | D        | Reached skill level 13 in Axes
  1250 | D        | Killed a shadow wraith
  1250 | D        | Reached skill level 10 in Armour
  1250 | D        | Reached XP level 10. HP: 73/73 MP: 10/10
  1306 | D        | Noticed a sixfirhy
  1307 | D        | Noticed a phantasmal warrior
  1313 | D        | Killed a sixfirhy
  1314 | D        | Killed a phantasmal warrior
  1314 | D        | Reached skill level 14 in Axes
  1317 | D        | Received a gift from Trog
  1425 | D        | Noticed a spiny frog
  1434 | D        | Killed a spiny frog
  1443 | D        | Noticed a spiny frog
  1443 | D        | Noticed a molten gargoyle
  1448 | D        | Killed a molten gargoyle
  1448 | D        | Reached skill level 1 in Stealth
  1449 | D        | Killed a spiny frog
  1490 | D        | Noticed a black mamba
  1490 | D        | Noticed a five-headed hydra
  1496 | D        | Killed a black mamba
  1496 | D        | Reached skill level 15 in Axes
  1497 | D        | Killed an eight-headed hydra
  1671 | D        | Noticed a merfolk siren
  1671 | D        | Noticed a merfolk siren
  1671 | D        | Noticed a merfolk siren
  1671 | D        | Noticed a gargoyle
  1672 | D        | Noticed Ilsuiw
  1676 | D        | Received a gift from Trog
  1688 | D        | Reached XP level 11. HP: 60/80 MP: 11/11
  1690 | D        | Received a gift from Trog
  1698 | D        | Reached skill level 16 in Axes
  1700 | D        | Reached skill level 15 in Fighting
  1709 | D        | Received a gift from Trog
  1715 | D        | Killed from afar by Ilsuiw

Skill      XL: |  1  2  3  4  5  6  7  8  9 10 11 |
---------------+----------------------------------+-----
Axes           | 3 5 7 9 10 12 13 15 16 | 16.2
Fighting       | 4 6 8 9 10 11 12 13 14 15 | 15.1
Dodging        | 3 4 5 6 |  6.7
Armour         | 3 4 5 6 9 10 11 12 | 12.5
Stealth        | 1 2 |  2.4

Action                   |  1- 3 |  4- 6 |  7- 9 | 10-12 || total
-------------------------+-------+-------+-------+-------++-------
Melee: Hand axe          |    17 |    11 |    28 |       ||    56
       War axe           |       |       |    32 |    65 ||    97
Invok: Berserk           |     2 |     1 |     5 |     3 ||    11
       Brothers in Arms  |       |       |       |     2 ||     2
  Use: Potion            |       |       |       |     1 ||     1
 Stab: Confused          |       |       |       |     3 ||     3
  Eat: Chunk             |       |       |     7 |     2 ||     9
       Ration            |       |       |       |     1 ||     1
Armor: Animal skin       |     5 |       |       |       ||     5
       Plate armour      |       |     5 |    35 |    63 ||   103
Dodge: Dodged            |    20 |     6 |    17 |    38 ||    81
